cohdb
Replays
Latest Replays
All Replays
Popular Replays
Top Player Replays
Match Explorer
How It Works
Community
CoH3 Stats
Reddit
Sign in to upload your games and track your stats! →
Sign in with Steam
Match 42182965
Unlisted
Match 42182965
Overview
Messages
Build Orders
End
Selects Special Operations Battlegroup
Selects M29 Weasel Recon Vehicle
M29 Weasel Recon Vehicle
Construct Weapon Support Center
M1919 Machine Gun Team
Bazooka Squad
M29 Weasel Recon Vehicle
Infantry Support Center
M3 Armored Personnel Carrier
Engineer Squad
Construct Barracks
Selects Raiding Flares
Raiding Flares
M1919 Machine Gun Team
Riflemen Squad
M1 Mortar Team
Construct Tank Depot
1⁄4-ton 4x4 Truck
Raiding Flares
Selects SSF Commando Squad
M4(105) Sherman Bulldozer
Riflemen Squad
Raiding Flares
Selects P-47 Anti-Infantry Loiter
P-47 Anti-Infantry Loiter
Engineer Squad
M18 Hellcat Tank Destroyer
Forward Retreat Point
Raiding Flares
P-47 Anti-Infantry Loiter
M1918 Browning Automatic Rifles
Raiding Flares
M18 Hellcat Tank Destroyer
Selects UNKNOWN (2162291)
Monument2Sin
The Incredible Fella
SneaKerz
gb_gbg
BrianZ
ioku
Kevege
TransNigg@
0
0
Comments
sign in to comment!
No comments posted yet!